 Dungeon Crawl Stone Soup version 0.29-a0-297-g7659ce593d (console) character file.

Game seed: 4079713599032259735

26 Ignak the Skirmisher (level 3, -7/37 HPs)
             Began as an Ogre Warper on Mar 22, 2022.
             Mangled by a gnoll
             ... wielding a +0 halberd
              (8 damage)
             ... on level 2 of the Dungeon.
             The game lasted 00:03:12 (1568 turns).

Ignak the Skirmisher (Ogre Warper)                  Turns: 1568, Time: 00:03:12

Health: -7/37      AC:  3    Str: 17    XL:     3   Next: 8%
Magic:  7/7        EV:  9    Int: 14    God:
Gold:   50         SH:  5    Dex:  8    Spells: 5/7 levels left

rFire   . . .      SeeInvis .   a - +0 mace
rCold   . . .      Faith    .   (no shield)
rNeg    . . .      Spirit   .   b - +0 robe
rPois   .          Reflect  +   (helmet restricted)
rElec   .          Harm     .   (no cloak)
rCorr   .          Rampage  .   (gloves unavailable)
Will    .....                   (boots unavailable)
Stlth   +.........              g - amulet of reflection
HPRegen 0.12/turn               (no ring)
MPRegen 0.10/turn               (no ring)

@: no status effects
A: large, unfitting armour, tough skin 1
a: no special abilities


You were on level 2 of the Dungeon.
You visited 1 branch of the dungeon, and saw 2 of its levels.

You collected 100 gold pieces.
You spent 50 gold pieces at shops.

Inventory:

Hand Weapons
 a - a +0 mace (weapon)
Missiles
 d - 2 boomerangs of dispersal (quivered)
Armour
 b - a +0 robe (worn)
Jewellery
 g - an amulet of reflection (around neck)
 h - an amulet of the acrobat
 j - an amulet of faith
Scrolls
 c - a scroll of blinking
 e - a scroll of immolation {unknown}
 f - 2 scrolls of identify {unknown}
 i - a scroll of enchant weapon {unknown}
Potions
 k - a potion of heal wounds


   Skills:
 + Level 3.0 Fighting
 * Level 2.3 Maces & Flails
 - Level 1.2 Throwing
 + Level 2.2 Dodging
 + Level 0.1 Unarmed Combat
 + Level 2.8 Spellcasting
 + Level 2.8 Translocations


You had 5 spell levels left.
You knew the following spells:

 Your Spells              Type           Power      Damage    Failure   Level
b - Blink                 Tloc           18%        N/A       11%         2

Your spell library contained the following spells:

 Spells                   Type           Power      Damage    Failure   Level
 Gell's Gravitas          Tloc           9%         N/A       21%         3
 Lesser Beckoning         Tloc           9%         N/A       21%         3
 Teleport Other           Tloc           9%         N/A       21%         3
 Manifold Assault         Tloc           9%         N/A       88%         5
 Summon Ice Beast         Ice/Summ       1%         N/A       91%         4
 Summon Mana Viper        Hex/Summ       1%         N/A       99%         5
 Monstrous Menagerie      Summ           0%         N/A       100%        7


Dungeon Overview and Level Annotations

Branches:
Dungeon (2/15)

Altars:

Shops:
D:2 *


Innate Abilities, Weirdness & Mutations

You are too large for most types of armour.
You have tough skin. (AC +1)


Message History

Throw: 6 boomerangs (disperse)
Press: ? - help, Q - select action, (/) - cycle Shift-Dir - straight line, f/p - gnoll
Aim: a gnoll, wielding a +0 halberd (58% to hit)
You throw a boomerang of dispersal.
The boomerang of dispersal hits the gnoll!
The gnoll blinks!
The gnoll is severely wounded.
The gnoll barely misses you. The gnoll closely misses you.
Throw: 5 boomerangs (disperse)
Press: ? - help, Q - select action, (/) - cycle Shift-Dir - straight line, f/p - gnoll
Aim: a gnoll, wielding a +0 halberd (severely wounded, 58% to hit)
You throw a boomerang of dispersal.
The boomerang of dispersal hits the gnoll.
The gnoll blinks!
The gnoll is severely wounded.
The gnoll hits you from afar with a +0 halberd.
* * * LOW HITPOINT WARNING * * *
Unknown command.
Press: ? - help, v - describe, . - travel
Here: a gnoll, wielding a +0 halberd The floor, spattered with blood.
Throw: 4 boomerangs (disperse)
Press: ? - help, Q - select action, (/) - cycle Shift-Dir - straight line, f/p - gnoll
Aim: a gnoll, wielding a +0 halberd (severely wounded, 58% to hit)
You throw a boomerang of dispersal.
The boomerang of dispersal hits the gnoll but does no damage.
The gnoll is severely wounded.
The gnoll hits you from afar with a +0 halberd!
* * * LOW HITPOINT WARNING * * *
Unknown command.
Unknown command.
Throw: 3 boomerangs (disperse)
Press: ? - help, Q - select action, (/) - cycle Shift-Dir - straight line, f/p - gnoll
Aim: a gnoll, wielding a +0 halberd (severely wounded, 58% to hit)
You throw a boomerang of dispersal.
The boomerang of dispersal hits the gnoll.
The gnoll blinks!
The gnoll is almost dead.
The gnoll hits you from afar with a +0 halberd!
You die...

..........g.g. ####<###.......
.............# #.8.g.8........
#........g..# #.#.....##.....
#.# #...8#####..... #g# ##....#
#..... #g# ########...###
##.#.# #.# ##......ยง...#
#####...#
#.###..#####.#######......##
#.##..####.@.##......#.####
####....####g.####.#####..#####
#...........g## #.............
#.##..############..#...#######
###.#...########......#.###
#.....#.##..>.#..##......#
#..####.##.....[##..#....#..#
#### #.##.....#...##.......#
#.##.....#.###..........


You could see 3 gnolls.

Vanquished Creatures
  2 ball pythons
  4 endoplasms
  2 goblins (D:1)
  3 hobgoblins
  A quokka (D:1)
  3 bats (D:1)
  4 frilled lizards (D:1)
  4 kobolds (D:1)
  3 rats (D:1)
26 creatures vanquished.

Notes
Turn   | Place    | Note
-------+----------+-------------------------------------------
     0 | D:1      | Ignak the Ogre Warper began the quest for the Orb.
     0 | D:1      | Reached XP level 1. HP: 22/22 MP: 3/3
   177 | D:1      | Reached XP level 2. HP: 10/29 MP: 5/5
   487 | D:1      | Learned a level 2 spell: Blink
   705 | D:1      | Found a faded altar of an unknown god.
  1457 | D:2      | Reached skill level 3 in Fighting
  1461 | D:2      | Found Woruxegiki's General Store.
  1471 | D:2      | Reached XP level 3. HP: 36/37 MP: 7/7
  1475 | D:2      | Bought a potion of heal wounds for 50 gold pieces
  1567 | D:2      | HP: 1/37 [gnoll/+0 halberd (8)]
  1568 | D:2      | Mangled by a gnoll

Illustrated notes

Levels and vault maps discovered:
D:1:      erik_arrival_blinker_ship, layout_basic,
          shapermc_ecumenical_altar_mp_highgroup,
          chequers_serial_rivers_small_b, st_stairs_8
D:2:      layout_rooms, basic_altar, serial_shops, nicolae_shop_statue_plus

Skill      XL: |  1  2 |
---------------+-------+-----
Maces & Flails | 2 |  2.3
Fighting       | 3 |  3.0
Throwing       | |  1.2
Dodging        | |  2.2
Unarmed Combat | |  0.1
Spellcasting   | |  2.8
Translocations | |  2.8

Action                   || total
-------------------------++-------
Melee: Mace              ||   120
       Punch             ||     1
Throw: Boomerang         ||     5
 Cast: Blink             ||     1
Armor: Robe              ||    31
Dodge: Dodged            ||    66
Block: Other             ||    31

Table legend: (Time is in decaauts)
 A = Elapsed time spent in this place.
 B = Non-inter-level travel time spent in this place.
 C = Inter-level travel time spent in this place.
 D = Time resting spent in this place.
 E = Time spent auto-exploring this place.
 F = Levels seen in this place.
 G = Mean time per level.
                   A        B        C        D        E       F      G
               +--------+--------+--------+--------+--------+-----+--------+
         Total |   1607 |   1594 |     13 |    577 |    563 |   2 |  803.5 |
       Dungeon |   1607 |   1594 |     13 |    577 |    563 |   2 |  803.5 |
               +--------+--------+--------+--------+--------+-----+--------+

Top non-repeatable levels by time:
     D:1: 1416 daAuts
     D:2: 190 daAuts
